 Dungeon Sprint DCSS version 0.18-a0-1350-g404b4cb (webtiles) character file.

10 Kidiri the Sneak (level 2, -2/14 HPs)
             Began as a Spriggan Enchanter on Feb 18, 2016.
             Slain by a neqoxec (7 damage)
             ... in the Dungeon (Sprint II: "The Violet Keep of Menkaure").
             The game lasted 00:01:15 (129 turns).

Kidiri the Sneak (Spriggan Enchanter)                Turns: 129, Time: 00:01:15

Health: -2/14      AC:  3    Str:  4    XL:     2   Next: 10%
Magic:  3/6        EV: 19    Int: 16    God:
Gold:   243        SH:  0    Dex: 16    Spells: 2 memorised, 4 levels left

rFire  . . .     SeeInvis +     a - +1 dagger
rCold  . . .     Gourm    .     b - +1 robe
rNeg   . . .     Faith    .     (shield restricted)
rPois  .         Spirit   .     (helmet restricted)
rElec  .         Dismiss  .     (no cloak)
rCorr  .         Reflect  .     (gloves unavailable)
SustAt .         Harm     .     (boots unavailable)
MR     .....     NoTele   +     (no amulet)
Stlth  +++.......               (no ring)
                                (no ring)

@: very quick, not resistant to hostile enchantments, fairly stealthy
A: unfitting armour, see invisible, herbivore 3, speed 3, low mp 1, slow
metabolism 2
a: no special abilities


You were in the Dungeon.
You were not hungry.

You visited 1 branch You collected 243 gold pieces.

Inventory:

Hand Weapons
 a - a +1 dagger (weapon)
Armour
 b - a +1 robe (worn)
Scrolls
 j - a scroll of blinking
Potions
 f - a potion of heal wounds
 g - a potion of haste
 h - 2 potions of magic
Books
 c - a book of Maledictions

   Spells                             Type                      Level
   a - Corona                         Hexes                        1
   b - Ensorcelled Hibernation        Hexes/Ice                    2
   c - Confuse                        Hexes                        3
   d - Tukima's Dance                 Hexes                        3
   e - Dazzling Spray                 Conjuration/Hexes            3
Comestibles
 d - a bread ration


   Skills:
 + Level 0.4 Fighting
 * Level 2.3 Short Blades
 + Level 1.0 Armour
 * Level 3.8 Dodging
 * Level 4.8 Stealth
 * Level 3.4 Spellcasting
 + Level 4.1 Hexes
 + Level 0.0 Ice Magic


You had 4 spell levels left.
You knew the following spells:

 Your Spells              Type           Power        Failure   Level  Hunger
a - Corona                Hex            ###....      4%          1    None
b - Ensorcelled Hibernat  Hex/Ice        #.....       14%         2    ##.....


Dungeon Overview and Level Annotations

Branches:
Dungeon (1/1)

Altars:


Innate Abilities, Weirdness & Mutations

You are tiny and cannot use many weapons and most armour.
You have supernaturally acute eyesight.
You are an herbivore.
You cover ground extremely quickly.
You need consume almost no food.
Your magical capacity is low (-10% MP).


Message History

Press: ? - help, Shift-Dir - straight line, f - neqoxec
Aim: a neqoxec (severely wounded, chance to defeat MR: 24%)
The neqoxec resists with almost no effort.
The neqoxec hits you.
Casting: Ensorcelled Hibernation
Confirm with . or Enter, or press ? or * to list all spells.
Aiming: Ensorcelled Hibernation
Press: ? - help, Shift-Dir - straight line, f/p - neqoxec
Aim: a neqoxec (severely wounded, chance to defeat MR: 24%)
The neqoxec resists with almost no effort.
The neqoxec gestures at you.
Strange energies course through your body.
You feel less energetic.
Unknown command.
You completely miss the neqoxec.
The neqoxec is severely wounded.
You hear a shout!
The neqoxec hits you!
Ouch! That really hurt!
You die...

## ##3# #
##@#### ##.
#'###.##
#...##.##...#
#.+.<.+##.+
#.m.##.##%###
##. #+###.# #
.#. ### .B B.
##. $##


You could see a neqoxec.

Vanquished Creatures
  3 worms (D)
3 creatures vanquished.

Vanquished Creatures (others)
  Menkaure (D)
  A crocodile (D)
2 creatures vanquished.

Grand Total: 5 creatures vanquished

Notes
Turn   | Place    | Note
--------------------------------------------------------------
     0 | D        | Kidiri the Spriggan Enchanter began the quest for the Orb.
     0 | D        | Reached XP level 1. HP: 9/9 MP: 5/5
     1 | D        | Noticed a neqoxec
     4 | D        | Noticed a siren
     7 | D        | Noticed a boulder beetle
     7 | D        | Noticed a boulder beetle
    28 | D        | Killed a crocodile
    38 | D        | Killed Menkaure
    96 | D        | Reached skill level 1 in Armour
    96 | D        | Reached XP level 2. HP: 14/14 MP: 4/7
   100 | D        | Learned a level 2 spell: Ensorcelled Hibernation
   128 | D        | Gained mutation: Your magical capacity is low (-10% MP). [a neqoxec]
   129 | D        | Slain by a neqoxec

Vault maps used:
D:        the_violet_keep_of_menkaure

Action                   || total
-------------------------++-------
Melee: Dagger            ||    23
 Cast: Corona            ||     4
       Ensorcelled Hiber ||     2
  Use: Potion            ||     2
 Stab: Sleeping          ||     2
